 Dungeon Crawl Stone Soup version 0.28-a0-627-g4e9751bbfc (webtiles) character file.

Game seed: 15148324317207582416

7233 EnegeticOcto the Basher (level 10, 0/84 HPs)
             Began as a Demonspawn Abyssal Knight on Oct 8, 2021.
             Was a Priest of Lugonu.
             Killed from afar by an orc wizard (3 damage)
             ... with a magic dart
             ... on level 9 of the Dungeon.
             The game lasted 00:13:19 (12803 turns).

EnegeticOcto the Basher (DsAK)                     Turns: 12803, Time: 00:13:20

Health: 0/84       AC: 14    Str: 24    XL:     10   Next: 88%
Magic:  0/16       EV:  8    Int: 11    God:    Lugonu [***...]
Gold:   551        SH:  9    Dex: 13    Spells: 9/9 levels left

rFire   . . .      SeeInvis .   t - +0 flail
rCold   . . .      Faith    .   F - +2 kite shield {AC+3}
rNeg    . . .      Spirit   +   n - +0 ring mail
rPois   .          Reflect  .   l - +0 helmet
rElec   .          Harm     .   u - +0 cloak
rCorr   .          Rampage  .   d - +0 pair of gloves
Will    .....                   p - +1 pair of boots
Stlth   +.........              B - amulet of magic regeneration
HPRegen 0.24/turn               s - +6 ring of strength
MPRegen 0.55/turn               (no ring)

@: no status effects
A: rugged brown scales 1, magic shield, magic regeneration, condensation shield,
demonic touch 1
a: Renounce Religion, Depart the Abyss, Bend Space, Banish


You were on level 9 of the Dungeon.
You worshipped Lugonu.
Lugonu was most pleased with you.
You visited 1 branch of the dungeon, and saw 9 of its levels.
You visited the Abyss 1 time.

You collected 551 gold pieces.

Inventory:

Hand Weapons
 a - a +1 mace
 t - a +0 flail (weapon)
   (You took it off an orc on level 4 of the Dungeon)
Missiles
 f - 241 stones (quivered)
 r - 48 poisoned darts
 I - 2 throwing nets {!f}
 K - 10 curare-tipped darts
Armour
 b - a +0 chain mail
   (You found it on level 3 of the Dungeon)
 d - a +0 pair of gloves (worn)
   (You found it on level 1 of the Dungeon)
 l - a +0 helmet (worn)
   (You took it off Robin on level 1 of the Dungeon)
 n - a +0 ring mail (worn)
   (You found it on level 3 of the Dungeon)
 p - a +1 pair of boots (worn)
   (You found it on level 2 of the Dungeon)
 u - a +0 cloak (worn)
   (You found it on level 4 of the Dungeon)
 w - the +0 pair of gloves of the Game Afoot {rF++ Will-}
   (You found it on level 4 of the Dungeon)

   rF:        It greatly protects you from fire.
   Will:      It decreases your willpower.
 F - a +2 kite shield of protection (worn)
   (You took it off a gnoll sergeant on level 7 of the Dungeon)
Jewellery
 c - an amulet of the acrobat
   (You found it on level 3 of the Dungeon)
 s - a +6 ring of strength (left hand)
   (You took it off an orc on level 4 of the Dungeon)
 B - an amulet of magic regeneration (around neck)
   (You found it on level 5 of the Dungeon)
Wands
 h - a wand of acid (7) {@v1}
   (You found it on level 5 of the Dungeon)
 v - a wand of digging (15) {@v3}
   (You found it on level 4 of the Dungeon)
 D - a wand of paralysis (8)
   (You found it on level 5 of the Dungeon)
Scrolls
 g - a scroll of torment
 i - a scroll of silence
 k - a scroll of holy word
 m - a scroll of identify {@r1}
 o - a scroll of magic mapping {@r5 !r}
 q - a scroll of vulnerability
 y - a scroll of blinking {unknown}
 z - a scroll of fog {!r}
 H - 2 scrolls of teleportation {unknown}
Potions
 e - 5 potions of mutation
 j - 2 potions of might {@q3 !q}
 x - 2 potions of lignification {unknown}
 A - a potion of degeneration {unknown}
 C - a potion of cancellation
 E - a potion of haste {unknown}
 G - a potion of brilliance {unknown}
 J - 2 potions of resistance {unknown}


   Skills:
 + Level 8.6 Fighting
 * Level 11.8 Maces & Flails
 - Level 1.8 Armour
 - Level 0.9 Dodging
 + Level 9.1 Invocations
 + Level 3.0 Evocations


You had 9 spell levels left.
You didn't know any spells.
Your spell library contained the following spells:

 Spells                   Type           Power      Damage    Failure   Level
 Corpse Rot               Necr/Air       N/A        N/A       99%         2
 Summon Guardian Golem    Hex/Summ       0%         N/A       100%        3
 Dispel Undead            Necr           0%         3d6       100%        4
 Conjure Ball Lightning   Conj/Air       0%         3x3d6     100%        6
 Death Channel            Necr           0%         N/A       100%        6
 Orb of Destruction       Conj           0%         N/A       100%        7
 Spellforged Servitor     Conj/Summ      0%         N/A       100%        7
 Discord                  Hex            0%         N/A       100%        8
 Disjunction              Tloc           0%         N/A       100%        8


Dungeon Overview and Level Annotations

Branches:
Dungeon (9/15)             Temple (0/1) D:5
   Lair: D:8-11         Orc: D:9-12

Altars:
Beogh

Annotations:
D:2 1 runed translucent door, Crazy Yiuf
D:4 3 runed translucent doors, Heedrag's ghost, novice MiFi
Abyss:1 Erolcha


Innate Abilities, Weirdness & Mutations

You are partially covered in rugged brown scales. (AC +1, +3% HP)
When hurt, damage is shared between your health and your magic reserves.
You regenerate magic rapidly.
A meltable shield of frost defends you. (SH +0)
Your touch may inflict minor irresistible damage on your foes.


Message History

The orc warrior hits you from afar with a +0 glaive!
Something hits you but does no damage. You block the orc warrior's attack.
You barely miss the orc warrior. You block the orc wizard's attack.
You hear some strange, mumbled words.
A puff of flame appears from out of thin air!
The puff of flame hits you but does no damage.
Your condensation shield dissipates!
The orc warrior hits you but does no damage.
You closely miss the orc warrior. The orc wizard casts a spell at you.
You easily resist.
Something hits you but does no damage. The orc warrior barely misses you.
The orc wizard hits you but does no damage.
You block something's attack.
You hit the orc warrior but do no damage.
You block the orc warrior's attack. You block the orc wizard's attack.
Something hits you but does no damage.
You closely miss the orc warrior.
The orc warrior hits you but does no damage.
You block the orc wizard's attack. Something hits you but does no damage.
You barely miss the orc warrior.
The orc warrior hits you with a +0 glaive!
The orc wizard hits you with a +0 dagger.
You hear some strange, mumbled words.
A puff of flame appears from out of thin air!
You block the puff of flame.
You closely miss the orc warrior.
The orc warrior hits you with a +0 glaive.
The orc wizard hits you but does no damage.
Something hits you but does no damage.
You barely miss the orc warrior.
The orc warrior hits you with a +0 glaive!
The orc wizard casts a spell at you. The puff of flame hits you!
Something hits you but does no damage.
You are too injured to fight recklessly!
You are too injured to fight recklessly!
You are too injured to fight recklessly!
You are too injured to fight recklessly!
You are too injured to fight recklessly!
You are too injured to fight recklessly!
You are too injured to fight recklessly!
Your shield prevents you from hitting the orc warrior.
The orc warrior hits you but does no damage.
The orc wizard hits you with a +0 dagger.
Something hits you but does no damage.
The orc warrior hits you from afar with a +0 glaive!
Something hits you but does no damage.
There is a stone staircase leading up, spattered with blood here.
A magic dart appears from out of thin air!
The magic dart hits you.
Press: ? - help, Shift-Dir - straight line, f - orc warrior
Aim: an orc warrior, wielding a +0 glaive and wearing a +4 chain mail (chance to affect: 86%)
The orc warrior barely resists.
The orc wizard points at you and mumbles some strange words.
The puff of flame misses you.
Press: ? - help, Shift-Dir - straight line, f/p - orc warrior
Aim: an orc warrior, wielding a +0 glaive and wearing a +4 chain mail (chance to affect: 86%)
The orc warrior barely resists.
The orc wizard gestures at you while chanting.
You are confused.
You are too confused!
Okay, then.
The orc warrior hits you but does no damage.
You hear some strange, mumbled words.
A puff of flame appears from out of thin air!
The puff of flame hits you but does no damage.
The orc warrior hits you from afar with a +0 glaive.
The orc warrior hits you with a +0 glaive!
The orc wizard barely misses you.
You barely miss the orc warrior.
The orc warrior hits you with a +0 glaive.
* * * LOW HITPOINT WARNING * * *
The orc wizard gestures at you while chanting.
The magic dart hits you.
* * * LOW HITPOINT WARNING * * *
The orc warrior hits you from afar with a +0 glaive!!
* * * LOW HITPOINT WARNING * * *
You feel less confused. The orc wizard casts a spell at you.
You are confused.
The orc wizard casts a spell at you.
You easily resist.
Something hits you but does no damage.
It was a potion of cancellation.
Your magical effects are unravelling.
You feel magically purged.
You feel less confused. You block the orc warrior's attack.
You hear some strange, mumbled words.
A magic dart appears from out of thin air!
The magic dart hits you but does no damage.
Okay, then.
Okay, then.
Okay, then.
Space bends around you!
You blink.
An orc wizard appears from thin air!
Reactivating autopickup.
The orc warrior hits you with a +0 glaive!
* * * LOW HITPOINT WARNING * * *
The orc wizard points at you and mumbles some strange words.
The magic dart hits you.
You die...

.......# ###### #...... .......#
##### #...... .......# #...#
#.))... .......#
#...##############...... .......#
#...............##......
.......###...............##......
$...$o.'.................##......
.......###.....o.........######.#
.......<........@o.......##......
.......#...#....o.ยง...........#..
.......#...#.#.##########.....###
.......#...#.#.# #.....#
#####+##...#.#.# #.....# ......#.#
###.###
##...###.############.##### #...#
#..............#.... #...#
################.###


You could see an orc warrior and 2 orc wizards.

Vanquished Creatures
  Harold (D:7)
  Pikel (D:5)
  2 cyclopes (D:8)
  A kobold demonologist (D:9)
  A hornet (D:9)
  Grinder (D:3)
  Menkaure (D:4)
  An orc warrior (D:7)
  An ice beast (D:6)
  2 black bears (D:6)
  A necrophage (D:6)
  2 ogres
  4 centaurs
  A phantom (D:5)
  5 kobold brigands
  2 bullfrogs
  A gnoll sergeant (D:7)
  3 scorpions
  A water moccasin zombie (D:5)
  6 killer bees
  3 wights (D:8)
  2 centaur zombies
  7 hounds
  A jelly (D:4)
  A centaur skeleton (D:7)
  2 gnoll shamans
  An iguana (D:4)
  Jessica (D:2)
  Natasha (twice) (D:2 D:1)
  6 orc wizards
  A hound skeleton (D:4)
  Robin (D:1)
  13 gnolls
  4 adders
  3 white imps
  An ufetubus (D:4)
  2 worms
  4 dart slugs
  18 orcs
  8 ball pythons
  8 endoplasms
  5 giant cockroaches
  11 goblins
  8 hobgoblins
  10 jackals
  6 quokkas
  3 bats
  3 frilled lizards
  11 kobolds
  4 rats
188 creatures vanquished.

Notes
Turn   | Place    | Note
-------+----------+-------------------------------------------
     0 | Abyss:1  | EnegeticOcto the Demonspawn Abyssal Knight began the quest
                  | for the Orb.
     0 | Abyss:1  | Reached XP level 1. HP: 18/18 MP: 2/2
     3 | Abyss:1  | Noticed a neqoxec
    11 | D:1      | Escaped the Abyss
   177 | D:1      | Reached skill level 2 in Maces & Flails
   316 | D:1      | Gained mutation: You regenerate magic rapidly. [demonic
                  | ancestry]
   316 | D:1      | Reached XP level 2. HP: 21/24 MP: 3/3
   664 | D:1      | Reached skill level 3 in Maces & Flails
   910 | D:1      | Reached ** piety under Lugonu
   911 | D:1      | Reached XP level 3. HP: 29/29 MP: 4/4
  1503 | D:2      | Noticed Robin
  2226 | D:1      | Killed Robin
  2536 | D:2      | Found a runed translucent door.
  2537 | D:2      | Noticed Crazy Yiuf
  2552 | D:2      | Noticed Jessica
  2561 | D:2      | Killed Jessica
  2562 | D:2      | Reached skill level 4 in Maces & Flails
  2562 | D:2      | Gained mutation: You are partially covered in rugged brown
                  | scales. (AC +1, +3% HP) [demonic ancestry]
  2562 | D:2      | Reached XP level 4. HP: 24/36 MP: 5/5
  2666 | D:2      | Noticed Natasha
  2678 | D:2      | Killed Natasha
  2838 | D:2      | Noticed Natasha
  2851 | D:1      | Killed Natasha
  2852 | D:1      | Reached XP level 5. HP: 33/42 MP: 6/6
  3251 | D:3      | Reached skill level 5 in Maces & Flails
  3449 | D:3      | Noticed Grinder
  3456 | D:3      | Found a faded altar of an unknown god.
  3461 | D:3      | Paralysed by Grinder for 2 turns
  3632 | D:4      | Reached *** piety under Lugonu
  3652 | D:4      | Gained mutation: Your touch may inflict minor irresistible
                  | damage on your foes. [demonic ancestry]
  3652 | D:4      | Reached XP level 6. HP: 40/48 MP: 7/7
  3877 | D:4      | Identified the +0 pair of gloves of the Game Afoot {rF++
                  | Will-}
  3918 | D:4      | Reached skill level 6 in Maces & Flails
  4353 | D:4      | Noticed Menkaure
  4360 | D:4      | Killed Menkaure
  4361 | D:4      | Reached skill level 4 in Fighting
  4361 | D:4      | Reached XP level 7. HP: 20/55 MP: 8/8
  4579 | D:4      | Identified the +3 leather armour of Gallantry {rPois
                  | Regen+}
  4580 | D:4      | Found a runed translucent gate.
  4580 | D:4      | Noticed Heedrag's ghost (novice MiFi)
  4581 | D:4      | Found a runed translucent gate.
  4582 | D:4      | Found a runed translucent gate.
  5145 | D:3      | Killed Grinder
  5146 | D:3      | Reached skill level 7 in Maces & Flails
  5540 | D:5      | Entered Level 5 of the Dungeon
  5742 | D:5      | Reached skill level 5 in Fighting
  5904 | D:5      | Reached XP level 8. HP: 59/63 MP: 9/9
  6011 | D:5      | Reached skill level 8 in Maces & Flails
  6281 | D:5      | Found a staircase to the Ecumenical Temple.
  6713 | D:5      | Noticed Pikel
  6729 | D:5      | Killed Pikel
  6730 | D:5      | Reached skill level 6 in Fighting
  6730 | D:5      | Reached skill level 4 in Invocations
  7073 | D:6      | Reached skill level 9 in Maces & Flails
  7270 | D:6      | Reached **** piety under Lugonu
  7427 | D:6      | Gained mutation: When hurt, damage is shared between your
                  | health and your magic reserves. [demonic ancestry]
  7427 | D:6      | Reached XP level 9. HP: 69/71 MP: 12/12
  7474 | D:6      | Reached skill level 5 in Invocations
  8248 | D:6      | Identified the +0 quarterstaff "Qysy" {pain, Int+2}
  8921 | D:7      | Noticed Harold
  8930 | D:7      | Killed Harold
  8931 | D:7      | Reached skill level 7 in Fighting
  8931 | D:7      | Reached skill level 10 in Maces & Flails
  8931 | D:7      | Reached skill level 6 in Invocations
  9513 | D:7      | Reached skill level 7 in Invocations
  9768 | D:8      | Noticed a cyclops
 10455 | D:8      | Killed a cyclops
 10456 | D:8      | Gained mutation: A meltable shield of frost defends you.
                  | (SH +0) [demonic ancestry]
 10456 | D:8      | Reached XP level 10. HP: 66/82 MP: 12/15
 10469 | D:8      | Noticed a cyclops
 10489 | D:8      | Killed a cyclops
 10656 | D:8      | Reached skill level 11 in Maces & Flails
 11235 | D:8      | Reached skill level 8 in Invocations
 11561 | D:9      | Reached skill level 8 in Fighting
 11769 | D:9      | Reached skill level 1 in Evocations
 11948 | D:9      | Noticed an orange demon
 12420 | D:9      | Noticed Erolcha
 12421 | D:9      | Banished Erolcha
 12422 | D:9      | Reached skill level 2 in Evocations
 12653 | D:9      | Noticed a two-headed ogre
 12654 | D:9      | Banished a two-headed ogre
 12655 | D:9      | Reached skill level 9 in Invocations
 12655 | D:9      | Reached skill level 3 in Evocations
 12803 | D:9      | HP: 3/84 [orc warrior (4)]
 12803 | D:9      | Killed from afar by an orc wizard

Illustrated notes

Levels and vault maps discovered:
D:1:      dpeg_arrival_rhombi, layout_basic, hangedman_decor_riveting
D:2:      layout_rooms, uniq_natasha, uniq_crazy_yiuf_cottage, uniq_jessica,
          uniq_robin
D:3:      layout_rooms, chequers_ecumenical_altar_simple_redux, uniq_grinder
D:4:      layout_basic, biasface_ghost_orc_armoury, uniq_menkaure
D:5:      layout_loops_corners, temple_doors_e, uniq_pikel
D:6:      layout_basic, skrybe_limestone_x
D:7:      layout_gridville, kennysheep_generic_room_8, uniq_harold
D:8:      layout_basic
D:9:      layout_basic, special_room [special_room_kobold], uniq_erolcha

Skill      XL: |  1  2  3  4  5  6  7  8  9 10 |
---------------+-------------------------------+-----
Maces & Flails | 2 3 4 5 6 7 9 10 11 | 11.8
Fighting       | 4 5 6 7 8 |  8.6
Invocations    | 4 7 9 |  9.1
Evocations     | 3 |  3.0
Armour         | |  1.8
Dodging        | |  0.9

Action                   |  1- 3 |  4- 6 |  7- 9 | 10-12 || total
-------------------------+-------+-------+-------+-------++-------
Melee: Mace              |   157 |    66 |       |       ||   223
       Flail             |       |    91 |   305 |   197 ||   593
       Touch             |       |    11 |    38 |       ||    49
Throw: Stone             |     8 |    13 |    12 |     1 ||    34
Invok: Banish            |       |       |       |     8 ||     8
       Bend Space        |       |       |       |     1 ||     1
Evoke: Wand              |       |       |     3 |     1 ||     4
  Use: Scroll            |       |     3 |     5 |     3 ||    11
       Potion            |       |       |       |     3 ||     3
 Stab: Paralysed         |       |       |       |     6 ||     6
Armor: Leather armour    |    63 |    18 |       |       ||    81
       Ring mail         |       |    66 |   143 |   160 ||   369
Dodge: Dodged            |   101 |    91 |   142 |   100 ||   434
Block: Kite shield       |       |       |    67 |   210 ||   277

Table legend: (Time is in decaauts)
 A = Elapsed time spent in this place.
 B = Non-inter-level travel time spent in this place.
 C = Inter-level travel time spent in this place.
 D = Time resting spent in this place.
 E = Time spent auto-exploring this place.
 F = Levels seen in this place.
 G = Mean time per level.
                   A        B        C        D        E       F      G
               +--------+--------+--------+--------+--------+-----+--------+
         Total |  12949 |  12597 |    352 |   1353 |   9182 |  10 | 1294.9 |
       Dungeon |  12938 |  12586 |    352 |   1353 |   9182 |   9 | 1437.6 |
         Abyss |     11 |     11 |      0 |      0 |      0 |   1 |   11.0 |
               +--------+--------+--------+--------+--------+-----+--------+

Top non-repeatable levels by time:
     D:1: 1889 daAuts
     D:8: 1886 daAuts
     D:4: 1671 daAuts
     D:5: 1497 daAuts
     D:6: 1389 daAuts
     D:7: 1375 daAuts
     D:2: 1375 daAuts
     D:9: 1193 daAuts
     D:3: 660 daAuts
 Abyss:1: 11 daAuts
